 Dungeon Crawl Stone Soup version 0.18-b1-10-g3f7de93 (webtiles) character file.

303 Inkary the Ducker (level 6, -7/61 HPs)
             Began as a Troll Fighter on Apr 29, 2016.
             Mangled by an ogre
             ... wielding a +0 giant club
              (10 damage)
             ... on level 4 of the Dungeon.
             The game lasted 00:03:35 (1967 turns).

Inkary the Ducker (Troll Fighter)                   Turns: 1967, Time: 00:03:36

Health: -7/61      AC:  5    Str: 25    XL:     6   Next: 15%
Magic:  5/5        EV:  9    Int:  4    God:
Gold:   139        SH:  9    Dex: 11    Spells: 0 memorised, 5 levels left

rFire  . . .     SeeInvis .       - Unarmed
rCold  . . .     Gourm    +     a - +0 robe
rNeg   . . .     Faith    .     b - +0 shield
rPois  .         Spirit   .     (helmet restricted)
rElec  .         Dismiss  .     (no cloak)
rCorr  .         Reflect  .     (gloves unavailable)
SustAt .         Harm     .     (boots unavailable)
MR     .....                    (no amulet)
Stlth  +.........               (no ring)
                                (no ring)

@: not resistant to hostile enchantments, very unstealthy
A: unfitting armour, claws 3, fast metabolism 3, gourmand, regeneration 2,
shaggy fur 1, tough skin 2
a: no special abilities


You were on level 4 of the Dungeon.
You were completely stuffed.

You visited 1 branch of the dungeon, and saw 4 of its levels.

You collected 139 gold pieces.

Inventory:

Armour
 a - a +0 robe (worn)
 b - a +0 shield (worn)
Wands
 e - a wand of flame (33/48)
Scrolls
 f - 2 scrolls of remove curse {unknown}
 g - 3 scrolls of amnesia {unknown}
 h - 4 scrolls of identify {unknown}
 l - 4 scrolls of teleportation {unknown}
 m - a scroll of magic mapping {unknown}
 n - 3 scrolls of immolation {unknown}
 p - a scroll of recharging {unknown}
 r - a scroll of fear {unknown}
Potions
 c - a potion of invisibility {unknown}
 i - a potion of magic {unknown}
 j - a potion of haste {unknown}
 k - 2 potions of degeneration {unknown}
 s - a potion of brilliance {unknown}
Comestibles
 d - 3 bread rations
 o - 12 fruits
 q - a meat ration


   Skills:
 + Level 3.3 Fighting
 + Level 3.8 Dodging
 + Level 0.4 Stealth
 + Level 3.2 Shields
 + Level 3.7 Unarmed Combat


You had 5 spell levels left.
You didn't know any spells.

Dungeon Overview and Level Annotations

Branches:
Dungeon (4/15)
 Temple: D:4-7

Altars:
Elyvilon
Trog


Innate Abilities, Weirdness & Mutations

You are too large for most types of armour.
You have claws for hands.
Your metabolism is lightning-fast.
You like to eat raw meat.
You heal very quickly.
You are covered in fur (AC +1).
You have very tough skin (AC +2).


Message History

The worm is heavily wounded.
You claw the worm!
The worm is almost dead.
The worm barely misses you.
You claw the worm!
You kill the worm!
You claw the ogre!
The ogre is moderately wounded.
The ogre hits you with a giant club!!
You claw the ogre!
The ogre is severely wounded.
The ogre hits you with a giant club!!
* * * LOW HITPOINT WARNING * * *
You are too injured to fight recklessly!
You are too injured to fight recklessly!
You are too injured to fight recklessly!
Drink which item? (? for menu, Esc to quit)
Okay, then.
The ogre hits you with a giant club!
You die...

..........#.# #.....#
....##......###.....#
.... ###.#####..###+#+###
...## #.# #..# .#...# ###
#.## ##..# ..... ..#
#..###..####..!### #.#
##.......#.......#
#.#######.###...#O......#
..(>....#.# #...@.....#
#..#.##.#.# ###########
#..#......# ...####.###
##.####.# #......#
########


You could see an ogre.

Vanquished Creatures
  An ogre (D:4)
  The ghost of doot the Vexing, an amateur DsEn (D:3)
  Terence (D:2)
  A hound skeleton (D:4)
  2 adders (D:4)
  3 oozes
  2 worms
  A dart slug (D:2)
  3 giant geckos
  2 orcs
  2 ball pythons (D:2)
  6 bats
  5 giant cockroaches
  4 hobgoblins
  2 jackals (D:1)
  A quokka (D:3)
  4 giant newts
  8 goblins
  6 kobolds
  6 rats
61 creatures vanquished.

Vanquished Creatures (others)
  A centaur skeleton (D:4)
  2 plants (D:4)
3 creatures vanquished.

Grand Total: 64 creatures vanquished

Notes
Turn   | Place    | Note
--------------------------------------------------------------
     0 | D:1      | Inkary the Troll Fighter began the quest for the Orb.
     0 | D:1      | Reached XP level 1. HP: 22/22 MP: 0/0
    52 | D:1      | Reached XP level 2. HP: 29/29 MP: 1/1
   577 | D:2      | Reached XP level 3. HP: 35/36 MP: 2/2
   639 | D:2      | Found a faded altar to an unknown god.
   787 | D:2      | Noticed Terence
   803 | D:2      | Killed Terence
   803 | D:2      | Reached XP level 4. HP: 10/44 MP: 3/3
  1368 | D:3      | Noticed doot's ghost (amateur DsEn)
  1380 | D:3      | Killed doot's ghost
  1380 | D:3      | Reached XP level 5. HP: 49/53 MP: 4/4
  1542 | D:3      | Found a bloodstained altar of Trog.
  1740 | D:4      | Found a white marble altar of Elyvilon.
  1813 | D:4      | Noticed an ogre
  1845 | D:4      | Killed an ogre
  1845 | D:4      | Reached XP level 6. HP: 61/61 MP: 5/5
  1966 | D:4      | HP: 2/61 [ogre/giant club (29)]
  1967 | D:4      | Mangled by an ogre

Skill      XL: |  1  2  3  4 |
---------------+-------------+-----
Dodging        | 3 |  3.8
Shields        | 3 |  3.2
Fighting       | 3 |  3.3
Unarmed Combat | 3 |  3.7
Stealth        | |  0.4

Action                   |  1- 3 |  4- 6 || total
-------------------------+-------+-------++-------
Melee: Unarmed           |    85 |    88 ||   173
  Use: Potion            |       |     3 ||     3
 Stab: Sleeping          |     1 |       ||     1
  Eat: Chunk             |    10 |    14 ||    24
Armor: Robe              |    22 |    17 ||    39
Dodge: Dodged            |    18 |    30 ||    48
Block: Shield            |    28 |    23 ||    51
